 Dungeon Crawl Stone Soup version 0.27-a0-1248-g57ac2eb73c (webtiles) character file.

Game seed: 12942574590335141031

11484 rymth the Carver (level 11, -16/107 HPs)
             Began as a Troll Fighter on June 10, 2021.
             Demolished by a boulder beetle (36 damage)
             ... on level 11 of the Dungeon.
             The game lasted 01:00:35 (9516 turns).

rymth the Carver (Troll Fighter)                    Turns: 9516, Time: 01:00:35

Health: -16/107    AC:  6    Str: 34    XL:     11   Next: 49%
Magic:  10/10      EV: 11    Int:  4    God:
Gold:   676        SH: 11    Dex: 10    Spells: 10/10 levels left

rFire    . . .     SeeInvis .   J - +2 falchion (elec)
rCold    . . .     Faith    .   c - +0 kite shield
rNeg     + . .     Spirit   .   C - +2 robe {rN+}
rPois    .         Reflect  .   (helmet restricted)
rElec    .         Harm     .   (no cloak)
rCorr    .         Rampage  .   (gloves unavailable)
Will     .....     Clarity  +   (boots unavailable)
Stlth    +.........             (no amulet)
HPRegen  1.27/turn              i - ring of flight
MPRegen  0.12/turn              M - +6 ring of strength

@: flying
A: large, unfitting armour, claws 3, regeneration 1, shaggy fur 1, tough skin 1,
fangs 1, clarity
a: no special abilities


You were on level 11 of the Dungeon.
You visited 3 branches of the dungeon, and saw 13 of its levels.

You collected 676 gold pieces.

Inventory:

Hand Weapons
 a - a +0 long sword
 b - a +2 short sword of draining
 s - the +12 hunting sling "Ytoel" {speed, rPois rC+ rCorr Int+2}
   (You found it on level 4 of the Dungeon)

   Attacks with this weapon are significantly faster.
   It affects your intelligence (+2).
   It protects you from cold.
   It protects you from poison.
   It protects you from acid and corrosion.
 y - a +2 vampiric dagger
 A - a +0 giant spiked club
 J - a +2 falchion of electrocution (weapon)
 Q - a +2 flail of protection
Armour
 c - a +0 kite shield (worn)
 C - a +2 robe of positive energy (worn)
 D - the +0 pair of gloves "Yshresono" {+Blink Slay+3}
   (You found it on level 8 of the Dungeon)

   It affects your accuracy and damage with ranged weapons and melee attacks
   (+3).
   It lets you blink.
 H - the +1 ring mail of New Discoveries {+Inv Will- Dex+3}
   (You found it on level 8 of the Dungeon)

   It affects your dexterity (+3).
   It lets you turn invisible.
   It decreases your willpower.
Magical Staves
 z - a staff of fire
Jewellery
 g - a ring of wizardry
 i - a ring of flight (left claw)
 p - a ring of ice
 x - a ring of poison resistance
 B - an amulet of faith
 M - a +6 ring of strength (right claw)
Wands
 l - a wand of digging (4)
 E - a wand of flame (31)
 G - a wand of mindburst (15)
 I - a wand of charming (20)
 O - a wand of iceblast (3)
 P - a wand of acid (3)
Scrolls
 h - 5 scrolls of noise
 j - 2 scrolls of vulnerability {unknown}
 m - 4 scrolls of teleportation
 n - 2 scrolls of holy word {unknown}
 o - 2 scrolls of fear {unknown}
 q - a scroll of magic mapping {unknown}
 r - a scroll of silence {unknown}
 u - 4 scrolls of immolation {unknown}
 L - a scroll of enchant armour
 R - a scroll of identify
Potions
 d - 2 potions of might
 e - 4 potions of heal wounds
 f - 2 potions of brilliance {unknown}
 k - 2 potions of lignification
 t - 4 potions of curing
 w - a potion of flight {unknown}
 F - 3 potions of degeneration {unknown}
 K - 2 potions of invisibility {unknown}
 N - a potion of cancellation {unknown}
Miscellaneous
 v - a box of beasts


   Skills:
 + Level 6.9 Fighting
 + Level 1.4(6.0) Short Blades
 + Level 9.4 Long Blades
 + Level 0.9 Maces & Flails
 + Level 7.9 Dodging
 + Level 1.0 Stealth
 + Level 7.5 Shields


You had 10 spell levels left.
You didn't know any spells.
Your spell library contained the following spells:

 Spells                   Type           Power      Damage    Failure   Level
 Beastly Appendage        Tmut           0%         N/A       58%         1
 Wereblood                Tmut           0%         N/A       75%         2
 Spider Form              Tmut/Pois      0%         N/A       92%         3
 Ice Form                 Ice/Tmut       0%         N/A       100%        4


Dungeon Overview and Level Annotations

Branches:
Dungeon (11/15)            Temple (1/1) D:7            Lair (1/6) D:10
    Orc (0/2) D:9

Altars:
Makhleb
Nemelex Xobeh
Trog
Uskayaw
Vehumet
Yredelemnul
Zin

Shops:
D:4 *:=   D:7 :*   D:8 [   D:9 [(

Annotations:
D:11 3 runed translucent doors, Sergey's ghost, novice DDFi


Innate Abilities, Weirdness & Mutations

You are too large for most types of armour.
You have claws for hands.
Your natural rate of healing is unusually fast.
You are covered in fur. (AC +1)
You have tough skin. (AC +1)
You have very sharp teeth.
You possess an exceptional clarity of mind.


Message History

The boulder beetle is moderately wounded.
The boulder beetle bites you! The boulder beetle bites you.
You barely miss the boulder beetle.
The boulder beetle is moderately wounded.
The boulder beetle barely misses you.
You hit the boulder beetle.
The boulder beetle is moderately wounded.
The boulder beetle leaps!
You see here 16 gold pieces.
The boulder beetle curls into a ball and begins rolling!
You see here 16 gold pieces.
The boulder beetle hits you!
The boulder beetle stops rolling and uncurls.
You hit the boulder beetle.
Your weapon exudes an aura of protection.
You bite the boulder beetle, but do no damage.
The boulder beetle is moderately wounded.
You block the boulder beetle's attack.
The boulder beetle bites you but does no damage.
You hit the boulder beetle but do no damage.
You bite the boulder beetle, but do no damage.
The boulder beetle is moderately wounded.
The boulder beetle bites you!
You hit the boulder beetle but do no damage.
The boulder beetle is moderately wounded.
The boulder beetle bites you!
You hit the boulder beetle but do no damage.
The boulder beetle is moderately wounded.
The boulder beetle bites you!!
* * * LOW HITPOINT WARNING * * *
You block the boulder beetle's attack.
You barely miss the boulder beetle. Your bite misses the boulder beetle.
The boulder beetle is moderately wounded.
The boulder beetle completely misses you.
The boulder beetle curls into a ball and begins rolling!
Your +2 flail of protection goes still.
You hear the crackle of electricity.
J - a +2 falchion of electrocution (weapon)
The boulder beetle hits you!!!
You die...

#.........##
#........<..
#.........##
#.........##
#....^....## #
#######........... # #.
....##...........
###.#.###..###..#...#...
.......@B°°###..#....<..
.##.#...$.......##......
###+++###.......#...
#.(W.(.(#.#.#####...
#....(..#.#... ...#.
#..(....#.##########
#.....$8#.. #.(.(...#.#
###########


You could see a boulder beetle (rolling) and Sergey's ghost.

Vanquished Creatures
  A boulder beetle (D:10)
  3 two-headed ogres (D:10)
  The ghost of celly00 the Martial Artist, a novice DsTm of Ru (D:10)
  A freezing wraith (D:10)
  A kobold demonologist (D:10)
  A komodo dragon (Lair:1)
  Grinder (D:6)
  14 yaks
  2 steam dragons
  2 water moccasins (D:10)
  An acid dragon (D:11)
  6 orc warriors
  An ice beast (D:6)
  2 black bears (D:10)
  3 necrophages
  2 ogres
  5 centaurs
  2 phantoms (D:6)
  14 kobold brigands
  6 bullfrogs
  2 scorpions
  A wyvern zombie (D:5)
  A water moccasin zombie (D:6)
  2 water moccasin skeletons (D:6)
  A killer bee (D:6)
  3 howler monkeys
  A centaur zombie (D:8)
  5 hounds
  3 centaur skeletons (D:7)
  4 orc priests
  2 jellies
  Jessica (D:3)
  3 bullfrog skeletons
  3 iguanas
  11 orc wizards
  3 killer bee zombies
  2 howler monkey zombies
  3 gnolls (D:4)
  7 adders
  3 white imps
  2 adder skeletons
  A worm (D:4)
  5 dart slugs
  29 orcs
  6 endoplasms
  5 giant cockroaches
  4 goblins
  6 hobgoblins
  7 jackals
  4 quokkas
  4 ball pythons
  3 bats
  2 frilled lizards (D:1)
  29 kobolds
  8 rats
245 creatures vanquished.

Vanquished Creatures (others)
  An orc wizard (D:6)
  36 fungi
  29 plants (D:10)
66 creatures vanquished.

Grand Total: 311 creatures vanquished

Notes
Turn   | Place    | Note
-------+----------+-------------------------------------------
     0 | D:1      | rymth the Troll Fighter began the quest for the Orb.
     0 | D:1      | Reached XP level 1. HP: 22/22 MP: 0/0
   126 | D:1      | Reached XP level 2. HP: 29/29 MP: 1/1
   425 | D:1      | Reached XP level 3. HP: 29/36 MP: 2/2
   426 | D:1      | Reached skill level 2 in Long Blades
   679 | D:2      | Found a faded altar of an unknown god.
   796 | D:2      | Found a radiant altar of Vehumet.
  1605 | D:3      | Noticed Jessica
  1615 | D:3      | Killed Jessica
  1616 | D:3      | Reached XP level 4. HP: 39/44 MP: 3/3
  1976 | D:4      | Found Ojocif's Jewellery Shop.
  2000 | D:4      | Found Piadd's Book Emporium.
  2079 | D:4      | Identified the +12 hunting sling "Ytoel" {speed, rPois rC+
                  | rCorr Int+2}
  2126 | D:4      | Noticed an ogre
  2159 | D:4      | Killed an ogre
  2160 | D:4      | Reached skill level 3 in Long Blades
  2160 | D:4      | Reached XP level 5. HP: 28/53 MP: 4/4
  2345 | D:4      | Found Wamedaum's Assorted Antiques.
  2495 | D:4      | Noticed an orc warrior
  2570 | D:4      | Reached XP level 6. HP: 56/61 MP: 5/5
  2623 | D:4      | Killed an orc warrior
  2735 | D:5      | Entered Level 5 of the Dungeon
  2795 | D:5      | Reached skill level 4 in Long Blades
  2902 | D:5      | Reached XP level 7. HP: 33/67 MP: 6/6
  3388 | D:5      | Reached skill level 5 in Long Blades
  3449 | D:5      | Noticed a yak
  3449 | D:5      | Noticed a yak
  3450 | D:5      | Noticed a yak
  3451 | D:5      | Noticed a yak
  3478 | D:5      | Killed a yak
  3493 | D:5      | Killed a yak
  3494 | D:5      | Reached XP level 8. HP: 35/78 MP: 7/7
  3935 | D:6      | Reached skill level 6 in Long Blades
  3935 | D:6      | Reached skill level 5 in Dodging
  4398 | D:6      | Noticed Grinder
  4415 | D:6      | Paralysed by Grinder for 2 turns
  4418 | D:6      | Killed Grinder
  4419 | D:6      | Reached XP level 9. HP: 79/85 MP: 8/8
  4629 | D:6      | Reached skill level 5 in Shields
  4724 | D:6      | Reached skill level 7 in Long Blades
  4844 | D:6      | Reached skill level 5 in Fighting
  5102 | D:7      | Found Caofifal's Book Shop.
  5266 | D:7      | Found a staircase to the Ecumenical Temple.
  5270 | Temple   | Entered the Ecumenical Temple
  5642 | D:7      | Found Echop's Assorted Antiques.
  5996 | D:7      | Reached skill level 1 in Stealth
  6448 | D:8      | Found Pocigior's Antique Armour Shoppe.
  6460 | D:8      | Identified the +0 pair of gloves "Yshresono" {+Blink
                  | Slay+3}
  6598 | D:8      | Reached XP level 10. HP: 94/96 MP: 9/9
  6764 | D:8      | Identified the +1 ring mail of New Discoveries {+Inv Will-
                  | Dex+3}
  7210 | D:9      | Found a runed translucent gate.
  7211 | D:9      | Found a runed translucent gate.
  7214 | D:9      | Found a runed translucent gate.
  7214 | D:9      | Noticed celly00's ghost (novice DsTm)
  7317 | D:9      | Reached skill level 8 in Long Blades
  7348 | D:9      | Found Luguetos's Weapon Shop.
  7356 | D:9      | Found a staircase to the Orcish Mines.
  7358 | D:9      | Found Leusoeth's Armour Shop.
  7461 | D:9      | Gained mutation: Your magical capacity is low. (-10% MP)
                  | [potion of mutation]
  7461 | D:9      | Gained mutation: You have very sharp teeth. [potion of
                  | mutation]
  7462 | D:9      | Lost mutation: Your magical capacity is low. (-10% MP)
                  | [potion of mutation]
  7462 | D:9      | Gained mutation: You possess an exceptional clarity of
                  | mind. [potion of mutation]
  7574 | D:9      | Found a sparkling altar of Nemelex Xobeh.
  7817 | D:9      | Noticed a sixfirhy
  7819 | D:10     | Entered Level 10 of the Dungeon
  8049 | D:10     | Noticed a boulder beetle
  8064 | D:10     | Killed a boulder beetle
  8090 | D:10     | Noticed a two-headed ogre
  8094 | D:10     | Killed a two-headed ogre
  8095 | D:10     | Reached skill level 1 in Short Blades
  8095 | D:10     | Reached XP level 11. HP: 92/105 MP: 10/10
  8250 | D:10     | Noticed a two-headed ogre
  8311 | D:10     | HP: 5/105 [two-headed ogre/+0 giant spiked club (9)]
  8374 | D:10     | Killed a two-headed ogre
  8375 | D:10     | Reached skill level 9 in Long Blades
  8446 | D:10     | Noticed a two-headed ogre
  8449 | D:10     | Found a staircase to the Lair.
  8471 | D:10     | Killed a two-headed ogre
  8861 | Lair:1   | Entered Level 1 of the Lair of Beasts
  8906 | D:9      | Noticed a sixfirhy
  9103 | D:10     | Killed celly00's ghost
  9482 | D:11     | Found a runed translucent gate.
  9482 | D:11     | Found a runed translucent gate.
  9483 | D:11     | Found a runed translucent gate.
  9484 | D:11     | Noticed Sergey's ghost (novice DDFi)
  9485 | D:11     | Noticed a boulder beetle
  9516 | D:11     | Demolished by a boulder beetle

Illustrated notes

Levels and vault maps discovered:
D:1:      lightli_arrival_lavapool, layout_basic, fountainhead,
          chequers_decorated_corner
D:2:      layout_loops_corners, ebering_ecumenical_altar_box, basic_altar
D:3:      layout_basic, uniq_jessica
D:4:      minmay_clustersquares, layout_cave_pools, serial_shops, shop, shop,
          nicolae_shop_statue_plus
D:5:      layout_cave_pods, hangedman_decor_opposing,
          chequers_serial_rivers_micro_a
D:6:      minmay_octagon_keep, layout_loops_ring,
          chequers_serial_rivers_large_b, uniq_grinder
D:7:      layout_loops_corners, minmay_temple_entry_glassed_door, serial_shops,
          shop, shop, serial_glass, glass_columns_a, glass_columns_b,
          glass_columns_c, glass_columns_c, kb_lookout_dungeons_type,
          chequers_serial_rivers_small_3, grunt_ministairs_13,
          patterned_corridor
D:8:      layout_loops_ring, serial_shops, shop, sigmund_army
D:9:      layout_rooms, marbit_many_paths, orc_david_3,
          gammafunk_ghost_nasty_kobolds
D:10:     layout_roguey, due_lair_maze_entry_diamond
D:11:     layout_loops_cross, ebering_ghost_rock_garden, minmay_misc_feat_x,
          kennysheep_generic_room_14
Temple:   roderic_octagonal_lattice_temple
Lair:1:   layout_loops_ring, beast_lair_carwin_8, grunt_megastairs_5

Skill      XL: |  1  2  3  4  5  6  7  8  9 10 11 |
---------------+----------------------------------+-----
Long Blades    | 2 3 4 5 6 7 8 9 |  9.4
Dodging        | 3 4 5 6 7 |  7.9
Fighting       | 3 4 5 6 |  6.9
Shields        | 3 4 5 6 7 |  7.5
Stealth        | 1 |  1.0
Short Blades   | 1 |  1.4
Maces & Flails | |  0.9

Action                   |  1- 3 |  4- 6 |  7- 9 | 10-12 || total
-------------------------+-------+-------+-------+-------++-------
Melee: Long sword        |   124 |   164 |   516 |    93 ||   897
       Falchion          |       |       |       |   294 ||   294
       Bite              |       |       |       |    49 ||    49
       Short sword       |       |       |       |    10 ||    10
       Flail             |       |       |       |    59 ||    59
Evoke: Box of beasts     |       |     1 |       |       ||     1
  Use: Scroll            |       |       |       |    10 ||    10
       Potion            |       |       |       |     3 ||     3
 Stab: Sleeping          |       |       |     1 |       ||     1
Armor: Robe              |    63 |    46 |   133 |    77 ||   319
Dodge: Dodged            |    41 |    67 |   179 |   140 ||   427
Block: Kite shield       |    59 |    95 |   256 |   240 ||   650
       Rpst.: Long sword |     8 |    20 |    50 |     7 ||    85
       Falchion          |       |       |       |    17 ||    17

Table legend: (Time is in decaauts)
 A = Elapsed time spent in this place.
 B = Non-inter-level travel time spent in this place.
 C = Inter-level travel time spent in this place.
 D = Time resting spent in this place.
 E = Time spent auto-exploring this place.
 F = Levels seen in this place.
 G = Mean time per level.
                   A        B        C        D        E       F      G
               +--------+--------+--------+--------+--------+-----+--------+
         Total |   9788 |   3098 |   6690 |      0 |     65 |  13 |  752.9 |
       Dungeon |   9706 |   3082 |   6624 |      0 |     65 |  11 |  882.4 |
        Temple |     55 |      1 |     54 |      0 |      0 |   1 |   55.0 |
          Lair |     26 |     14 |     12 |      0 |      0 |   1 |   26.0 |
               +--------+--------+--------+--------+--------+-----+--------+

Top non-repeatable levels by time:
     D:7: 1355 daAuts
    D:10: 1332 daAuts
     D:5: 1185 daAuts
     D:6: 1064 daAuts
     D:4: 860 daAuts
     D:2: 856 daAuts
     D:8: 835 daAuts
     D:9: 751 daAuts
     D:1: 686 daAuts
     D:3: 497 daAuts
    D:11: 282 daAuts
  Temple: 55 daAuts
  Lair:1: 26 daAuts
